Zazza, neutral female human Tourist ---------------- ----- #-..............| --------- #....| #|..............| ----- |.......| #|...-# #|..............| |...| |.......| #|>..|# #-----|---------- #-...| |.......| #-----# ### ###### ###|...| -.--.---- #### @ # # # --|-- # ###### # B # ### ### # # # # # # # # # # ## # # # ### ### # -.--------|----# # ------# # # # |.............|# ### |..(..# ### # # |.............|# # |.<..| # # -.--- |..............# ##-....| `########################....| |.............| |....| # # |...| --------------- |....| ------.---------# ##....| |.....###########|..............|# |...| ------ #...............-# ----- ---------------- Zazza the Sightseer Experience level: 3 Strength: 17 Dexterity: 13 Constitution: 13 Intelligence: 12 Wisdom: 8 Charisma: 17 Health: 0(29) Energy: 12(12) Def: 1 Gold: 1251 Moves: 3225 Dungeon seed: FePlvkV6LuW2snYY Game ID: Zazza_1536563055 Your Inventory: Coins $ - 1251 gold pieces Weapons a - 27 +2 darts (in quiver) Armor e - an uncursed +0 Hawaiian shirt (being worn) n - an uncursed +0 small shield (being worn) Comestibles b - an uncursed sprig of wolfsbane f - 5 uncursed food rations g - an uncursed carrot h - 3 uncursed eggs o - 2 uncursed cloves of garlic r - 2 uncursed eggs G - 2 uncursed tripe rations H - an uncursed banana Scrolls k - an uncursed scroll of magic mapping v - an uncursed scroll of identify w - an uncursed scroll of enchant armor Potions p - an uncursed potion of booze z - a potion of holy water C - an uncursed potion of paralysis E - an uncursed potion of gain ability F - an uncursed potion of levitation Wands B - a blessed wand of wishing (0:2) Tools l - an expensive camera (0:65) m - an uncursed credit card t - an uncursed stethoscope Gems y - an uncursed worthless piece of blue glass Spells and supernatural/magical abilities: Name Level Category Fail Memory W - pray for help -- divine ? -- Your skills at the end: Fighting Skills Weapon Skills dart [Basic] Spellcasting Skills Final Attributes: You were stridently aligned. You were poison resistant. You are dead. Vanquished creatures: a floating eye an iguana 2 coyotes a yellow mold a green mold a red mold a gnome zombie 2 geckos 14 jackals 2 foxes a kobold 3 sewer rats 11 grid bugs 4 lichens 2 kobold zombies 10 newts 57 creatures vanquished. Voluntary challenges: You had followed a strict vegan diet until turn 2224. You had followed a strict vegetarian diet until turn 2224. You were an atheist. You never hit with a wielded weapon. You read items or engraved 4 times, starting on turn 357. You never genocided any monsters. You never polymorphed an object. You never changed form. You used no wishes. You never split a pudding. You never wrote Elbereth's name. You never violated your personal moral code. Dungeon overview: The Dungeons of Doom: levels 1 to 5 Level 1 a long staircase Level 2 a general store, a fountain a long staircase Level 3 Level 4 a sink Level 5 <- You were here History has recorded: On T:1 you entered the Dungeons of Doom to retrieve the Amulet of Yendor! On T:606 you reached level 2 of The Dungeons of Doom. On T:1120 you advanced to experience level 2. On T:1961 you reached level 3 of The Dungeons of Doom. On T:2352 you reached level 4 of The Dungeons of Doom. On T:2700 you reached level 5 of The Dungeons of Doom. On T:3155 you advanced to experience level 3. Score breakdown: Gold: 296 ( 8411 points) Experience: 3 levels ( 7878 points) Exploration: 5 levels ( 10.20%) ( 8660 points) Discoveries: 1 item ( 0.34%) ( 1737 points) Valuables value: (no points given unless you survive) Artifact value: 0 ( 0 points) Variety of kills: 16 monsters ( 4.20%) ( 6147 points) Turncount: 3225 turns ( -706 points) Survival: died (score multiplied by 80%) Total score: 25701 Latest messages: You hear some noises. The floating eye glares at you. You manage to look away just in time; but that disturbs your aim, and you miss. You kill the floating eye! You miss it. The coyote bites! You hit it. The coyote bites! You miss it. The coyote bites! You miss it. The coyote bites! You kill the coyote! Armand doesn't seem to move! (2x) You stop. Armand is in the way! a - a +2 dart (in quiver). Armand doesn't seem to move! The giant bat bites! You miss it. The giant bat bites! (2x) You hit it. The giant bat bites! (2x) You die... Final status: Aloha Zazza the Tourist, killed by a giant bat... You died in The Dungeons of Doom on dungeon level 5 with 25701 points, and 1251 pieces of gold, after 3225 moves. You were level 3 with a maximum of 29 hit points when you died.